Map: Scorie nucleari

Players

LaWeedaLoca - Winner!

  • Race: Zerg Zerg
  • League: Master
  • Spawn Location: 5:00

illusio - Winner!

  • Race: Terran Terran
  • League: Platinum
  • Spawn Location: 6:00

IlBirraioOo - Winner!

  • Race: Terran Terran
  • League: Diamond
  • Spawn Location: 3:00

Jhyrachy - Winner!

  • Race: Zerg Zerg
  • Spawn Location: 6:00

Araken

  • Race: Protoss Protoss
  • League: Platinum
  • Spawn Location: 12:00

kozic

  • Race: Protoss Protoss
  • Spawn Location: 12:00

Traumatan

  • Race: Terran Terran
  • Spawn Location: 9:00

Darline

  • Race: Zerg Zerg
  • Spawn Location: 11:00

VOD

Have the link to the VOD?

Description

Time

  • Played on: Feb. 6, 2016, 5:43 p.m.
  • Length: 13:05
Show
View Real Time Build Order
Export as new Build Order

LaWeedaLoca Zerg - Winner!

Build Orders: Hatch First 

Get SALT Encoding   

  12  0:01  Drone  
  13  0:10  Drone  
  14  0:17  Overlord  
  14  0:27  Extractor  
  13  0:29  Overlord  
  14  0:35  Drone  
  14  0:36  Drone  
  16  0:47  Drone  
  17  1:03  Hatchery  
  16  1:13  Spawning Pool  
  16  1:17  Drone  
  16  1:19  Drone  
  16  1:24  Extractor  
  16  1:25  Drone  
  17  1:30  Drone  
  18  1:42  Drone  
  19  2:03  Queen  
  21  2:11  Zergling x4  
  23  2:19  Hatchery  
  23  2:21  Queen  
  24  2:25  Drone  
  25  2:32  Metabolic Boost  
  25  2:37  Drone  
  25  2:40  Drone  
  27  2:51  Drone  
  27  2:52  Drone x2  
  30  3:04  Drone  
  30  3:05  Drone x3  
  34  3:08  Overlord  
  34  3:14  Drone  
  34  3:15  Drone  
  36  3:28  Drone x4  
  36  3:34  Drone x5  
  41  3:39  Extractor  
  41  3:40  Extractor, Queen  
  45  3:48  Drone  
  45  3:49  Drone x4  
  50  3:57  Spore Crawler  
  50  4:00  Spore Crawler, Queen  
  50  4:19  Lair  
  50  4:23  Overlord x2  
  50  4:24  Overlord x4  
  50  4:30  Extractor  
  49  4:41  Drone  
  49  4:42  Drone x8  
  58  4:48  Drone  
  59  5:04  Extractor  
  59  5:05  Drone x9  
  59  5:06  Extractor  
  66  5:10  Pneumatized Carapace  
  66  5:19  Evolution Chamber x2  
  66  5:20  Spire  
  63  5:23  Drone  
  63  5:24  Spore Crawler  
  63  5:41  Overlord x5  
  63  5:42  Overlord  
  63  6:03  Spore Crawler  
  62  6:15  Drone x2  
  62  6:16  Drone x5  
  69  6:31  Mutalisk x12  
  93  6:34  Zerg Flyer Weapons Level 1  
  93  6:35  Mutalisk x3  
  99  6:41  Zergling x8  
  103  6:54  Hatchery  
  102  6:55  Zerg Ground Armor Level 1  
  102  6:56  Zerg Melee Weapons Level 1  
  102  7:05  Mutalisk x2  
  104  7:34  Mutalisk x5  
  104  7:37  Overlord x5  
  114  7:38  Zergling x2  
  114  7:39  Zergling x2  
  114  7:40  Zergling x2  
  116  8:02  Mutalisk x4  
  116  8:05  Overseer  
  124  8:30  Zerg Flyer Armor Level 1  
  124  8:32  Mutalisk x3  
  130  8:42  Extractor  
  130  8:44  Extractor  
  130  8:46  Spore Crawler  
  127  8:48  Mutalisk  
  127  8:49  Mutalisk x2, Spore Crawler  
  127  8:51  Zergling x2  
  127  8:52  Zergling x38  
  152  9:11  Mutalisk  
  152  9:12  Mutalisk x3  
  158  9:29  Zerg Melee Weapons Level 2  
  154  9:58  Mutalisk x7  
  166  10:02  Zergling x10  
  166  10:03  Zergling x2  
  161  10:34  Mutalisk  
  161  10:35  Mutalisk x7  
  161  11:26  Mutalisk  
  161  11:27  Mutalisk x6  
  175  11:33  Overlord  
  175  11:34  Overlord x4  
Show
View Real Time Build Order
Export as new Build Order

illusio Terran - Winner!

Build Orders: Reaper Expand, MMM Bio 

Get SALT Encoding   

  12  0:01  SCV  
  13  0:15  Supply Depot  
  13  0:18  SCV  
  14  0:31  SCV  
  15  0:43  Barracks  
  15  0:44  SCV  
  15  0:46  Refinery  
  16  0:56  SCV  
  17  1:08  SCV  
  18  1:20  SCV  
  19  1:33  Reaper  
  19  1:35  Orbital Command  
  20  1:46  Command Center  
  20  1:52  Supply Depot  
  20  2:01  SCV  
  21  2:05  Barracks Reactor  
  21  2:14  SCV  
  22  2:22  Refinery  
  22  2:26  SCV  
  22  2:27  Factory  
  23  2:38  SCV  
  24  2:50  Marine x2, SCV  
  27  3:07  Marine  
  27  3:08  Marine  
  27  3:11  Supply Depot  
  28  3:13  Widow Mine, Starport  
  28  3:17  Orbital Command  
  28  3:19  SCV  
  31  3:25  Marine x2  
  33  3:31  SCV  
  34  3:43  Marine x2  
  34  3:44  SCV  
  34  3:45  Widow Mine  
  39  3:50  Medivac  
  41  4:01  Marine x2  
  41  4:02  Refinery  
  43  4:03  Engineering Bay  
  43  4:04  Refinery  
  43  4:19  Marine x2  
  45  4:24  Barracks  
  45  4:26  Barracks  
  45  4:31  Starport Reactor  
  45  4:36  SCV x2  
  47  4:39  Marine, Supply Depot, Factory Tech Lab  
  47  4:44  Missile Turret  
  48  4:48  SCV x2  
  48  4:50  Missile Turret  
  50  5:00  SCV x2  
  52  5:14  Liberator  
  46  5:25  Barracks Reactor  
  46  5:26  Barracks Tech Lab  
  42  5:29  Medivac  
  42  5:32  Marine x2  
  42  5:34  Siege Tank  
  52  5:37  Terran Infantry Weapons Level 1  
  52  5:40  Engineering Bay  
  52  5:42  Armory  
  52  5:46  Supply Depot  
  52  5:50  SCV  
  52  5:51  SCV  
  54  6:01  Medivac  
  54  6:03  Marine x2  
  58  6:05  Stimpack  
  58  6:08  Marine  
  58  6:09  Marine  
  60  6:17  Supply Depot  
  60  6:20  Supply Depot  
  59  6:27  Marine  
  59  6:28  Marine  
  59  6:29  Marine x2  
  59  6:30  Marauder  
  65  6:40  SCV x2  
  67  6:52  SCV  
  67  6:53  SCV  
  69  6:59  Medivac x2  
  73  7:04  SCV  
  74  7:11  Liberator  
  74  7:13  Command Center  
  69  7:23  Siege Tank  
  75  7:33  Barracks  
  75  7:34  Barracks  
  75  7:35  Terran Infantry Armor Level 1  
  75  7:39  Supply Depot  
  75  7:41  SCV x2, Supply Depot  
  75  7:44  Supply Depot  
  77  7:53  SCV x2  
  77  7:56  Siege Tank, Marauder, Marine x2  
  86  8:05  SCV x2  
  88  8:06  Combat Shields  
  88  8:17  SCV x2  
  90  8:23  Supply Depot  
  90  8:24  Supply Depot  
  90  8:26  Missile Turret  
  90  8:28  Barracks Reactor  
  90  8:29  Supply Depot, SCV x2  
  90  8:31  Marine x3  
  90  8:32  Marine x2  
  90  8:34  Barracks Reactor  
  97  8:41  SCV x2  
  97  8:45  Missile Turret  
  100  8:49  Marine  
  100  8:50  Orbital Command  
  100  8:53  SCV x2  
  102  9:06  Missile Turret  
  92  9:13  Marine x4  
  92  9:14  Marine  
  92  9:16  Liberator x2  
  90  9:18  SCV x3  
  90  9:24  Refinery x2  
  93  9:27  Command Center  
  93  9:30  SCV  
  93  9:31  Marine x4  
  94  9:33  Command Center  
  104  9:39  Terran Infantry Armor Level 2, Terran Infantry Weapons Level 2  
  104  9:46  Supply Depot  
  104  9:50  SCV x3  
  107  10:02  SCV  
  108  10:07  Starport  
  108  10:08  Starport  
  108  10:11  Fusion Core  
  108  10:14  Terran Ship Weapons Level 1  
  108  10:19  SCV  
  108  10:20  SCV  
  110  10:32  Marine x5  
  110  10:34  Command Center  
  115  10:41  Marine x4  
  119  10:43  Siege Tank  
  122  10:50  Marine x5  
  127  10:58  Marine x2  
  118  11:10  Marine x6  
  124  11:15  Siege Tank  
  124  11:17  Planetary Fortress  
  127  11:19  Orbital Command  
  121  11:41  Marine  
  121  11:42  Marine x6  
  121  11:43  Marine x2  
  130  11:50  Orbital Command  
  130  11:51  Supply Depot  
  130  11:52  Supply Depot  
  130  11:53  Supply Depot  
  130  11:54  Supply Depot  
  130  11:55  Supply Depot  
  130  11:57  Liberator  
  130  11:59  Marine x2  
  130  12:00  Marine x2  
  134  12:02  Orbital Command  
  134  12:07  Marine x4  
  138  12:09  Siege Tank  
  138  12:15  Medivac  
  146  12:18  Starport Tech Lab x2  
  146  12:20  Weapon Refit  
  146  12:25  Starport  
  146  12:42  Marine  
  146  12:43  Marine x4  
Show
View Real Time Build Order
Export as new Build Order

IlBirraioOo Terran - Winner!

Build Orders: Reaper Expand, MMM Bio 

Get SALT Encoding   

  12  0:01  SCV  
  13  0:13  SCV  
  14  0:17  Supply Depot  
  14  0:25  SCV  
  15  0:39  SCV  
  16  0:44  Barracks  
  16  0:51  Refinery, SCV  
  17  1:05  SCV  
  18  1:22  SCV  
  19  1:36  Reaper  
  19  1:39  Orbital Command  
  20  1:51  Command Center  
  20  2:05  SCV  
  21  2:09  Barracks Reactor  
  21  2:11  Barracks  
  21  2:14  Barracks  
  22  2:22  SCV  
  22  2:30  Supply Depot  
  22  3:10  Barracks Reactor  
  22  3:11  Barracks Tech Lab  
  22  3:20  SCV  
  22  3:22  Orbital Command  
  22  3:26  Marine x2  
  25  3:27  Factory  
  25  3:32  SCV  
  26  3:59  SCV x2  
  22  4:07  Engineering Bay  
  22  4:08  Marine x3  
  22  4:09  Marine  
  23  4:10  Marine  
  22  4:20  SCV  
  22  4:21  SCV  
  22  4:22  Factory Reactor  
  22  4:24  Starport  
  24  4:28  Marine x4  
  24  4:29  Marine  
  29  4:37  SCV x2  
  31  4:38  Missile Turret  
  31  4:41  Missile Turret  
  31  4:47  Marine  
  31  4:48  Marine  
  31  4:49  SCV  
  34  5:10  SCV x2  
  34  5:11  Marine x5  
  34  5:12  Medivac  
  43  5:20  Refinery  
  43  5:22  SCV x2  
  45  5:32  Stimpack  
  45  5:36  SCV  
  45  5:40  Supply Depot  
  46  6:01  Marine x5, SCV x2  
  53  6:14  SCV, Supply Depot  
  53  6:17  Supply Depot  
  54  6:35  Marine x4  
  54  6:36  SCV x2, Medivac  
  54  6:38  Marine  
  63  6:54  Marine  
  63  6:55  Marine x3  
  63  6:56  Marine  
  63  6:59  SCV x2  
  70  7:37  Supply Depot  
  70  7:51  Barracks  
  70  7:53  Supply Depot, Barracks  
  70  7:55  Barracks  
  70  7:58  Marine x5, Combat Shields, SCV x2  
  77  8:06  Missile Turret  
  77  8:07  Command Center  
  77  8:09  Supply Depot  
  77  8:10  Missile Turret, SCV  
  78  8:14  SCV  
  78  8:15  Supply Depot  
  78  8:16  Marine x3, Supply Depot  
  78  8:17  Marine  
  78  8:18  Marine  
  84  8:22  Medivac  
  86  8:31  SCV x2  
  86  8:33  Marine x2  
  86  8:34  Marine  
  91  8:37  Marine x2  
  91  8:41  Barracks Reactor x3  
  93  8:43  SCV x2  
  95  8:51  Marine x2  
  95  8:53  Supply Depot  
  95  8:54  Supply Depot  
  95  8:55  SCV  
  97  9:01  Refinery  
  97  9:02  Supply Depot  
  97  9:03  Refinery  
  84  9:23  SCV x2  
  86  9:31  Marine x3  
  86  9:32  Marine x2  
  86  9:35  SCV x2  
  93  9:47  Marine x6, SCV x2  
  101  10:06  Marine x5  
  101  10:07  Marine x6  
  112  10:24  Marine x8  
  96  10:41  Marine x4  
  96  10:42  Marine x2  
  90  10:55  Marine x3  
  90  10:56  Marine x2  
  94  10:58  Marine x2  
  94  10:59  Marine  
  84  11:14  Marine x8  
  84  11:16  Marine x3  
  95  11:31  Marine  
  96  11:41  Marine x5  
  96  11:42  Marine x2  
  95  12:04  Marine x3  
  95  12:05  Marine x7  
  95  12:06  Marine  
  98  12:22  Marine x4  
  99  12:23  Marine  
  103  12:40  Marine x3  
  103  12:41  Marine x8  
Show
View Real Time Build Order
Export as new Build Order

Jhyrachy Zerg - Winner!

Build Orders: Hatch First 

Get SALT Encoding   

  12  0:02  Drone  
  13  0:11  Drone  
  14  0:20  Overlord  
  14  0:39  Drone x3  
  17  0:57  Drone  
  18  1:06  Drone  
  19  1:12  Extractor  
  19  1:13  Drone  
  19  1:15  Hatchery  
  18  1:19  Spawning Pool  
  17  1:36  Drone x2  
  19  1:46  Overlord  
  19  2:12  Metabolic Boost  
  19  2:14  Queen  
  21  2:25  Overlord  
  21  2:28  Queen  
  23  2:33  Drone x3  
  26  2:38  Zergling x2  
  27  3:17  Lair  
  27  3:21  Drone  
  27  3:22  Extractor, Drone  
  27  3:23  Drone x2  
  30  3:37  Drone x6  
  35  4:05  Spore Crawler  
  34  4:10  Spore Crawler  
  33  4:19  Hydralisk Den  
  33  4:23  Drone x4  
  36  4:26  Extractor  
  36  4:30  Evolution Chamber  
  34  4:33  Evolution Chamber  
  34  4:35  Drone  
  34  4:36  Drone x3  
  37  4:43  Drone  
  38  4:49  Drone  
  38  4:50  Drone  
  40  4:59  Extractor  
  39  5:04  Zerg Missile Weapons Level 1  
  39  5:05  Hatchery, Zerg Ground Armor Level 1  
  38  5:20  Drone x2  
  38  5:21  Drone  
  39  5:35  Muscular Augments  
  39  5:37  Hydralisk  
  39  5:38  Hydralisk  
  39  5:42  Overlord x3  
  43  5:59  Queen  
  45  6:08  Queen  
  47  6:35  Queen  
  49  7:08  Hydralisk x2  
  49  7:09  Hydralisk x6  
  65  7:24  Overlord x4  
  65  7:25  Overlord  
  65  7:28  Zerg Missile Weapons Level 2, Zerg Ground Armor Level 2  
  65  7:42  Queen  
  67  8:05  Drone x3  
  70  8:10  Hydralisk  
  70  8:11  Hydralisk x7  
  86  8:16  Extractor  
  86  8:17  Queen  
  87  8:50  Infestation Pit  
  86  9:01  Hydralisk x6  
  98  9:04  Overlord x3  
  98  9:05  Overlord x2  
  98  9:31  Hydralisk x6  
  110  9:55  Spore Crawler  
  110  9:58  Extractor  
  108  10:01  Extractor  
  107  10:22  Hive  
  101  11:36  Hydralisk  
  101  11:37  Hydralisk x13  
  129  11:44  Drone x3  
  129  11:45  Drone x3  
Show
View Real Time Build Order
Export as new Build Order

Araken Protoss 

Build Orders: Oracle Opening 

Get SALT Encoding   

  12  0:02  Probe (Chrono Boost)  
  13  0:13  Probe (Chrono Boost)  
  14  0:21  Pylon  
  14  0:23  Probe (Chrono Boost)  
  15  0:40  Probe (Chrono Boost)  
  15  0:42  Gateway  
  16  0:49  Assimilator  
  16  0:50  Probe (Chrono Boost)  
  17  1:01  Probe (Chrono Boost)  
  17  1:03  Assimilator  
  18  1:11  Probe (Chrono Boost)  
  19  1:22  Probe (Chrono Boost)  
  21  1:32  Probe (Chrono Boost)  
  21  1:38  Cybernetics Core  
  21  1:43  Probe (Chrono Boost)  
  22  1:57  Probe (Chrono Boost)  
  23  2:05  Nexus  
  23  2:07  Pylon  
  23  2:16  Stargate  
  23  2:17  Warp Gate  
  23  2:25  Probe (Chrono Boost)  
  24  2:35  Probe (Chrono Boost)  
  25  2:43  Pylon  
  25  2:46  Mothership Core (Chrono Boost)  
  25  2:51  Adept  
  29  3:03  Oracle (Chrono Boost)  
  32  3:13  Probe  
  32  3:18  Forge  
  33  3:22  Adept  
  33  3:25  Probe  
  36  3:30  Probe  
  37  3:37  Assimilator, Probe  
  38  3:41  Probe  
  38  3:45  Assimilator  
  39  4:19  Oracle (Chrono Boost)  
  39  4:21  Probe  
  39  4:22  Protoss Shields Level 1  
  43  4:24  Probe  
  43  4:25  Photon Cannon  
  43  4:27  Photon Cannon  
  43  4:30  Gateway  
  44  4:33  Probe  
  44  4:34  Probe  
  46  4:45  Probe x2  
  48  4:55  Probe  
  48  4:57  Probe  
  50  5:06  Probe  
  50  5:07  Robotics Facility  
  51  5:15  Robotics Facility  
  51  5:31  Probe  
  51  5:33  Probe  
  53  5:43  Probe  
  53  5:47  Pylon  
  53  5:49  Nexus  
  54  5:50  Pylon  
  54  5:51  Pylon  
  54  5:53  Pylon  
  54  6:04  Probe  
  54  6:05  Probe  
  54  6:06  Observer  
  54  6:09  Gateway  
  57  6:14  Probe  
  57  6:15  Gateway  
  57  6:16  Gateway  
  57  6:18  Probe  
  59  6:19  Warp Prism  
  59  6:22  Protoss Ground Weapons Level 1  
  59  6:25  Probe  
  61  6:30  Probe  
  63  6:33  Immortal  
  63  6:36  Probe  
  68  6:44  Photon Cannon  
  68  6:48  Pylon  
  68  6:59  Forge  
  68  7:07  Gateway  
  68  7:10  Gateway  
  68  7:11  Probe  
  68  7:12  Gateway  
  69  7:18  Twilight Council  
  69  7:22  Probe  
  70  7:32  Probe, Photon Cannon  
  70  7:33  Immortal  
  70  7:34  Immortal  
  79  7:43  Probe  
  80  8:00  Protoss Ground Armor Level 1 (Chrono Boost)  
  80  8:08  Templar Archives  
  80  8:10  Pylon  
  80  8:11  Assimilator, Probe  
  80  8:13  Photon Cannon  
  80  8:14  Assimilator  
  81  8:22  Probe, Immortal x2  
  90  8:27  Protoss Ground Weapons Level 2 (Chrono Boost)  
  90  8:30  Forge  
  90  8:32  Probe  
  90  8:34  Photon Cannon  
  90  8:37  Robotics Bay  
  90  8:39  Probe  
  90  8:40  Probe  
  93  8:43  Probe  
  94  8:51  Pylon  
  94  8:55  Pylon  
  94  9:02  Adept x6  
  103  9:03  Adept x2  
  99  9:25  Colossus x2  
  99  9:26  Extended Thermal Lance  
  103  9:34  Robotics Facility  
  103  9:41  Charge  
  103  9:42  Probe  
  104  9:49  Gateway  
  104  9:51  Gateway  
  104  9:52  Gateway  
  104  9:54  Probe, Gateway  
  104  9:55  Pylon  
  105  10:14  Protoss Ground Armor Level 2 (Chrono Boost)  
  105  10:18  Colossus, Protoss Shields Level 2 (Chrono Boost), Photon Cannon  
  111  10:22  Zealot x2  
  111  10:23  Zealot x2  
  119  10:44  Colossus  
  125  10:51  Colossus  
  72  11:29  Stalker x3  
  72  11:30  Stalker x3  
  72  11:31  Stalker x2  
  88  11:36  Colossus  
  86  11:59  High Templar x2  
  76  12:06  Archon  
  76  12:07  High Templar x5  
  86  12:08  High Templar  
  86  12:11  Archon x2  
  86  12:13  Archon  
  88  12:36  High Templar  
  88  12:37  High Templar x4  
  92  12:41  Archon x2  
  92  12:43  High Templar x3  
  104  12:53  Gateway  
Show
View Real Time Build Order
Export as new Build Order

kozic Protoss 

Build Orders:  

Get SALT Encoding   

  12  0:03  Probe (Chrono Boost)  
  13  0:13  Probe (Chrono Boost)  
  14  0:20  Pylon  
  14  0:26  Probe (Chrono Boost)  
  15  0:38  Probe (Chrono Boost)  
  15  0:41  Gateway  
  16  0:44  Assimilator  
  16  1:00  Probe (Chrono Boost)  
  17  1:11  Probe (Chrono Boost)  
  18  1:21  Probe (Chrono Boost)  
  18  1:24  Assimilator  
  19  1:32  Probe (Chrono Boost)  
  20  1:33  Cybernetics Core, Pylon  
  20  1:42  Probe (Chrono Boost)  
  21  2:05  Probe (Chrono Boost)  
  22  2:15  Nexus  
  22  2:16  Probe (Chrono Boost)  
  22  2:21  Stargate  
  23  2:27  Probe (Chrono Boost), Pylon  
  24  2:41  Pylon  
  24  2:48  Adept (Chrono Boost)  
  26  2:52  Mothership Core  
  28  3:13  Probe  
  28  3:14  Adept (Chrono Boost)  
  31  3:26  Probe  
  31  3:27  Void Ray (Chrono Boost)  
  36  3:37  Stalker (Chrono Boost)  
  38  3:42  Stargate  
  38  3:52  Probe  
  39  4:03  Probe  
  39  4:05  Assimilator  
  39  4:07  Void Ray (Chrono Boost)  
  44  4:11  Assimilator  
  44  4:13  Probe  
  45  4:32  Stargate  
  45  4:34  Pylon  
  45  4:40  Probe  
  46  4:51  Probe  
  47  4:59  Void Ray (Chrono Boost)  
  59  5:37  Void Ray (Chrono Boost)  
  59  5:38  Void Ray (Chrono Boost)  
  59  5:43  Pylon  
  59  5:46  Forge  
  59  6:21  Void Ray (Chrono Boost)  
  59  6:22  Pylon  
  59  6:23  Void Ray x2 (Chrono Boost)  
  71  6:42  Fleet Beacon  
  71  6:46  Pylon  
  71  6:47  Pylon  
  71  6:50  Pylon  
  71  6:52  Pylon  
  75  7:08  Void Ray (Chrono Boost)  
  75  7:09  Void Ray (Chrono Boost)  
  75  7:12  Probe  
  80  7:22  Probe  
  81  7:30  Nexus  
  81  7:33  Probe  
  86  8:03  Tempest (Chrono Boost)  
  78  8:11  Pylon  
  78  8:13  Pylon  
  78  8:15  Void Ray (Chrono Boost)  
  78  8:17  Probe  
  78  8:19  Pylon  
  83  8:25  Assimilator  
  83  8:28  Probe  
  83  8:30  Assimilator  
  90  8:42  Probe  
  91  8:52  Probe  
  91  8:55  Probe  
  93  9:03  Probe  
  93  9:07  Probe  
  93  9:09  Tempest (Chrono Boost)  
  99  9:13  Probe  
  96  9:19  Probe  
  96  9:24  Probe  
  97  9:26  Tempest (Chrono Boost)  
  97  9:27  Probe  
  103  9:38  Probe  
  102  10:05  Probe  
  103  10:15  Probe  
  103  10:18  Probe, Tempest (Chrono Boost)  
  113  10:23  Tempest (Chrono Boost)  
  113  10:26  Probe  
  114  10:29  Probe  
  82  10:36  Probe  
  73  10:48  Tempest (Chrono Boost)  
  73  10:55  Tempest (Chrono Boost)  
  81  11:06  Tempest (Chrono Boost)  
  45  11:27  Probe  
  54  12:03  Probe  
Show
View Real Time Build Order
Export as new Build Order

Traumatan Terran 

Build Orders: MMM Bio 

Get SALT Encoding   

  12  0:01  SCV  
  13  0:13  SCV  
  14  0:26  SCV, Supply Depot  
  15  0:48  SCV  
  16  0:50  Barracks  
  16  0:56  Barracks  
  16  1:00  SCV  
  17  1:05  Refinery  
  17  1:12  SCV  
  18  1:24  SCV  
  19  1:36  SCV  
  20  1:53  Command Center  
  20  2:00  Supply Depot  
  20  2:01  Barracks Tech Lab  
  20  2:03  SCV  
  21  2:09  Refinery  
  21  2:11  Marine  
  22  2:16  SCV  
  23  2:24  Supply Depot  
  23  2:36  Factory  
  23  2:37  Marine  
  23  2:43  Marine  
  25  2:47  SCV  
  26  2:55  Marine  
  27  3:14  Marine x2  
  29  3:29  Stimpack  
  29  3:32  Marine x2  
  31  3:34  Orbital Command  
  31  3:40  SCV  
  32  3:50  Marine  
  32  3:54  Factory Reactor  
  33  3:59  Starport  
  33  4:04  Marine  
  35  4:15  Barracks Reactor  
  34  4:23  Barracks  
  34  4:32  Supply Depot  
  34  4:35  Orbital Command  
  34  4:38  Refinery  
  34  4:42  Marine  
  35  4:58  Supply Depot  
  35  5:10  Barracks  
  35  5:14  Barracks  
  35  5:26  Marine  
  35  5:27  Marauder, Marine x2  
  35  5:28  Starport Reactor  
  40  5:30  SCV  
  41  5:39  SCV  
  41  5:40  Refinery  
  42  5:46  SCV  
  42  5:48  Marauder  
  45  5:51  SCV  
  46  5:58  SCV  
  46  6:03  SCV  
  48  6:07  Supply Depot  
  48  6:10  SCV  
  49  6:15  SCV  
  49  6:18  Medivac  
  52  6:21  Barracks Reactor  
  52  6:22  Barracks Reactor, SCV  
  53  6:27  SCV  
  54  6:34  Supply Depot  
  54  6:35  SCV  
  54  6:37  Combat Shields  
  54  6:39  SCV  
  56  6:44  Widow Mine x2  
  56  6:47  SCV  
  61  6:51  SCV  
  61  6:52  Medivac  
  61  6:53  Medivac  
  66  6:55  Marine  
  66  6:56  Marine x2  
  66  6:59  SCV  
  70  7:04  SCV  
  71  7:12  Widow Mine x2  
  71  7:13  Supply Depot  
  75  7:16  SCV  
  76  7:28  SCV  
  77  7:37  Supply Depot  
  77  7:38  Engineering Bay  
  77  7:40  SCV  
  77  7:41  Widow Mine x2  
  77  7:42  Engineering Bay  
  82  7:48  Barracks  
  82  7:52  SCV  
  82  7:57  Marine, Medivac x2  
  82  7:58  Marine x5  
  90  7:59  Marine x2  
  90  8:04  SCV  
  96  8:09  Widow Mine x2  
  100  8:14  Missile Turret  
  100  8:15  Marine  
  100  8:16  Marine  
  102  8:22  Missile Turret  
  102  8:36  Missile Turret  
  102  8:42  Widow Mine  
  102  8:44  Missile Turret, Medivac  
  102  8:48  Terran Infantry Weapons Level 1, Terran Infantry Armor Level 1  
  102  8:55  Barracks  
  102  8:57  Barracks Reactor  
  102  8:58  Missile Turret  
  102  9:05  Missile Turret  
  102  9:16  Concussive Shells  
  102  9:26  Missile Turret  
  102  10:10  Command Center  
  102  10:25  Armory, Marine  
  102  10:27  Marine  
  102  10:30  Fusion Core  
  102  10:38  Marine  
  102  10:52  Marine  
  102  10:53  Marine  
  102  10:55  Marine x2  
  102  10:58  Widow Mine, Marine, SCV, Medivac  
  102  10:59  Widow Mine  
  90  11:06  Marauder, Marine x2  
  90  11:07  Marine  
  90  11:09  Marine  
  90  11:10  SCV  
  88  11:24  SCV  
  62  11:41  SCV  
  58  11:47  SCV  
  58  11:50  Missile Turret  
  58  11:53  SCV  
  51  11:59  SCV  
  35  12:10  Missile Turret  
  35  12:11  SCV  
  35  12:12  Barracks  
  35  12:15  Barracks  
  36  12:23  SCV  
  37  12:36  SCV  
  29  12:48  SCV  
Show
View Real Time Build Order
Export as new Build Order

Darline Zerg 

Build Orders: Hatch First 

Get SALT Encoding   

  12  0:02  Drone  
  13  0:12  Drone  
  14  0:19  Overlord  
  14  0:26  Extractor  
  14  0:27  Drone  
  14  0:28  Extractor  
  13  0:30  Drone  
  16  0:39  Drone  
  17  0:50  Drone  
  18  1:00  Hatchery  
  17  1:07  Drone x2, Extractor  
  18  1:18  Drone  
  19  1:24  Spawning Pool  
  18  1:28  Drone  
  19  1:38  Overlord  
  19  1:50  Drone  
  20  2:03  Drone  
  21  2:14  Queen x2  
  25  2:19  Drone x2  
  27  2:30  Drone x2  
  27  2:32  Metabolic Boost  
  27  2:34  Drone x2  
  31  2:38  Extractor  
  30  2:48  Extractor  
  26  3:07  Drone x4  
  26  3:08  Drone x2  
  26  3:12  Lair  
  32  3:18  Hatchery  
  31  3:21  Zergling x2  
  31  3:23  Zergling x2  
  33  3:33  Zergling x2  
  33  3:34  Zergling x4  
  36  3:37  Overlord  
  36  3:38  Overlord  
  36  3:48  Overlord  
  36  3:49  Overlord  
  35  4:11  Drone x4  
  35  4:12  Drone x2, Spire  
  35  4:13  Drone  
  35  4:15  Drone  
  43  4:17  Drone  
  43  4:19  Extractor  
  42  4:25  Drone x3  
  45  4:36  Drone x2  
  45  4:37  Overlord  
  47  4:49  Queen  
  49  4:53  Drone x3  
  49  4:54  Drone  
  49  4:55  Drone x2  
  51  5:28  Mutalisk x8  
  55  5:33  Mutalisk  
  55  5:34  Mutalisk x2  
  73  5:49  Queen  
  75  5:52  Extractor  
  75  5:53  Drone x4, Extractor  
  75  5:54  Mutalisk x2  
  81  6:02  Zerg Flyer Weapons Level 1  
  81  6:09  Overlord x3  
  81  6:10  Drone, Overlord  
  82  6:38  Mutalisk  
  82  6:39  Mutalisk x2  
  88  6:44  Drone x5  
  88  6:45  Drone x2  
  91  6:58  Mutalisk  
  91  6:59  Mutalisk  
  95  7:22  Mutalisk x2  
  87  7:39  Spore Crawler  
  87  7:42  Spore Crawler  
  85  7:48  Mutalisk x3  
  85  7:50  Overlord x3  
  91  7:57  Overlord x2  
  91  7:59  Mutalisk x6, Zerg Flyer Armor Level 1  
  91  8:00  Mutalisk  
  105  8:17  Mutalisk x2  
  109  8:20  Spore Crawler  
  109  8:24  Spore Crawler  
  107  8:27  Mutalisk x2  
  111  8:35  Pneumatized Carapace  
  111  8:39  Overseer  
  92  9:29  Infestation Pit  
  91  9:34  Zergling x2  
  91  9:35  Zergling x26  
  91  9:36  Zergling x14  
  104  10:05  Hive  
  104  10:12  Spore Crawler  
  103  10:15  Spore Crawler  
  103  10:16  Spore Crawler  
  103  10:18  Drone x8  
  103  10:19  Spore Crawler, Drone x5  
  111  10:26  Spore Crawler  
  111  10:28  Spore Crawler  
  81  10:44  Baneling Nest  
  81  10:49  Spore Crawler  
  73  10:50  Spore Crawler  
  57  11:28  Viper x3  
  57  11:29  Viper  
  57  11:32  Mutalisk x5  
  71  11:33  Mutalisk x8  
Tags
 
Add a new tag
Caveats
  • Supply blocks, unpowered buildings, or Contaminate may cause inaccurate times.
  • Supply counts are checked every 10 seconds.